 Dungeon Crawl Stone Soup version 0.29.1-15-g9cfb28693d (webtiles) character file.

Game seed: 3303128694539610691

3278 101zpm the Thaumaturge (level 10, -3/62 HPs)
             Began as a Djinni Fire Elementalist on Mar 5, 2023.
             Was an Initiate of Makhleb.
             Shot with a bolt by an orc warrior (18 damage)
             ... on level 8 of the Dungeon.
             The game lasted 00:38:07 (10286 turns).

101zpm the Thaumaturge (Djinni Fire Elementalist)  Turns: 10286, Time: 00:38:07

Health: -3/62      AC:  7    Str: 10    XL:     10   Next: 20%
Gold:   25         EV: 13    Int: 21    God:    Makhleb [......] SH:  0 Dex: 20

rFire   + + .      SeeInvis .   c - +2 spear (venom)
rCold   x . .      Faith    .   (no shield)
rNeg    . . .      Spirit   .   C - +1 robe of Yssafatoucs {Str+3}
rPois   ∞          Reflect  .   (no helmet)
rElec   .          Harm     .   (no cloak)
rCorr   .          Rampage  .   (no gloves)
Will    +....                   (boots unavailable)
Stlth   +++.......              (no amulet)
HPRegen 0.20/turn               f - +4 ring of protection
MPRegen 0.00/turn               g - +6 ring of dexterity

@: flying, mesmerised
A: sickness immunity, fire resistance 2, cold vulnerability 1, float, innate
caster, HP casting, extra vitality 1
a: Renounce Religion


You were on level 8 of the Dungeon.
You worshipped Makhleb.
Makhleb was noncommittal.
You visited 2 branches of the dungeon, and saw 9 of its levels.

You collected 404 gold pieces.
You spent 379 gold pieces at shops.

Inventory:

Hand Weapons
 c - a +2 spear of venom (weapon)
 B - the +9 sling of the Soothsayer {venom, rPois rCorr Int+4}
   (You found it on level 7 of the Dungeon)

   Any ammunition fired from it poisons the flesh of those it strikes.
   Int:       It affects your intelligence (+4).
   rPois:     It protects you from poison.
   rCorr:     It protects you from acid and corrosion.
Missiles
 l - 2 throwing nets
Armour
 a - a +0 robe
 C - the +1 robe of Yssafatoucs (worn) {Str+3}
   (You bought it in a shop on level 2 of the Dungeon)

   Str:       It affects your strength (+3).
Magical Staves
 y - a staff of air
Jewellery
 f - a +4 ring of protection (left hand)
 g - a +6 ring of dexterity (right hand)
 A - a ring of ice
Wands
 p - a wand of flame (28)
 v - a wand of iceblast (11)
Scrolls
 b - 5 scrolls of butterflies
 d - a scroll of noise
 e - a scroll of enchant weapon {unknown}
 k - 2 scrolls of immolation
 m - 3 scrolls of poison
 n - a scroll of identify
 o - a scroll of blinking {unknown}
 q - a scroll of amnesia {unknown}
 x - a scroll of silence {unknown}
 z - 2 scrolls of enchant armour
Potions
 h - 2 potions of might
 i - 7 potions of curing
 j - 3 potions of heal wounds
 r - 2 potions of flight {unknown}
 s - a potion of resistance {unknown}
 t - a potion of brilliance {unknown}
 u - 2 potions of haste {unknown}
 w - a potion of attraction {unknown}


   Skills:
 + Level 1.0 Fighting
 + Level 2.2 Polearms
 + Level 3.0 Dodging
 + Level 3.6 Stealth
 + Level 10.1 Spellcasting


You had 8 spell levels left.
You knew the following spells:

 Your Spells              Type           Power      Damage    Failure   Level
a - Foxfire               Conj/Fire      100%       2x1d9     1%          1
b - Scorch                Fire           100%       2d10      1%          2
c - Conjure Flame         Conj/Fire      52%        6-21      1%          3
d - Inner Flame           Hex/Fire       52%        N/A       1%          3
e - Flame Wave            Conj/Fire      52%        2d13      1%          4
f - Shock                 Conj/Air       100%       1d9       1%          1
g - Call Imp              Summ           52%        N/A       1%          2
h - Searing Ray           Conj           100%       2d8       1%          2
i - Stone Arrow           Conj/Erth      100%       3d13      1%          3
Your spell library was empty.

Dungeon Overview and Level Annotations

Branches:
Dungeon (8/15)             Temple (1/1) D:6
   Lair: D:8-11

Altars:
Ashenzari
Cheibriados
Dithmenos
Elyvilon
Fedhas
Gozag
Hepliaklqana
Makhleb
Nemelex Xobeh
Wu Jian
Yredelemnul

Shops:
D:2 ?[?   D:3 *   D:4 !   D:6 [   D:7 [

Annotations:
D:3 1 runed translucent door, Crazy Yiuf
D:8 Maggie


Innate Abilities, Weirdness & Mutations

You are immune to sickness and miasma.
You are immune to poison.
Your flesh is very heat resistant. (rF++)
You are vulnerable to cold. (rC-)
You float through the air rather than walking.
You learn spells naturally, not from books.
Your magical power is your life essence.
You have superior vitality. (+4 MHP)


Message History

You conjure some foxfire!
Something hits your crimson imp!
Your crimson imp dies!
Your crimson imp disappears in a puff of smoke!
Casting: Foxfire (safe; 1% risk of failure)
Press: ? - help, Q - select action, (/) - cycle Dir - look around, f - activate You conjure some foxfire!
Your foxfire dissipates!
An orc warrior comes into view. It is wielding a +0 flail.
Maggie casts a spell.
Maggie attempts to bespell you!
You are mesmerised by Maggie!
An orc wizard comes into view. It is wielding a +0 dagger.
The foxfire hits Maggie.
Flame seeps out of Maggie.
Maggie is lightly wounded.
You hear a shout!
Casting: Foxfire (safe; 1% risk of failure)
Confirm with . or Enter, or press ? or * to list all spells.
A beastly little devil appears in a puff of flame.
* * * LOW HITPOINT WARNING * * *
The foxfire hits Maggie but does no damage.
Maggie is lightly wounded.
The foxfire hits Maggie but does no damage.
Maggie is lightly wounded.
The orc warrior unwields a +0 flail.
The orc warrior wields a +0 arbalest.
The orc warrior shoots a bolt.
The bolt misses you.
The foxfire hits Maggie.
Flame seeps out of Maggie.
Maggie is lightly wounded.
Maggie is engulfed in blazing flames.
Flame seeps out of Maggie.
You cannot move away from Maggie!
Casting: Call Imp (safe; 1% risk of failure)
Confirm with . or Enter, or press ? or * to list all spells.
Aiming: Stone Arrow (safe; 1% risk of failure)
Press: ? - help, Shift-Dir - straight line, f - Maggie
Aim: Maggie, wielding a +0 war axe of pain and wearing +0 steam dragon scales (moderately wounded, mesmerising, inner flame, ally target, 78% to hit)
The stone arrow hits Maggie!
Flame seeps out of Maggie.
Maggie is severely wounded.
* * * LOW HITPOINT WARNING * * *
The orc warrior shoots a bolt.
The bolt hits you!!
You die...

#. #. ...#.
..#.. #....
.#.#..#
.>..!..
.).)...#####
#)..@§..#
##..§§..☼§§.
...5.§§#.o).#
........§.
°○..
.######.@..
o## #.°.## )§
#...# § .....


You could see Maggie (mesmerising, inner flame, ally target), an orc warrior, an
orc wizard and a friendly crimson imp (summoned).

Vanquished Creatures
  A boulder beetle (D:6)
  Grinder (D:3)
  Sigmund (D:2)
  Eustachio (D:4)
  A steam dragon (D:7)
  2 orc warriors
  A sky beast (D:7)
  2 ogres
  A phantom (D:6)
  A bullfrog (D:7)
  A gnoll sergeant (D:7)
  A scorpion (D:3)
  2 wights (D:8)
  4 howler monkeys
  5 jellies
  3 orc priests
  2 gnoll boudas
  3 hounds
  Terence (D:3)
  2 iguanas
  Natasha (thrice) (D:4)
  5 orc wizards
  Ijyb (D:4)
  16 gnolls
  4 adders
  A shadow imp (D:6)
  A white imp (D:5)
  2 ufetubi
  A worm (D:3)
  A dart slug (D:3)
  16 orcs
  9 ball pythons
  6 bats
  8 endoplasms
  8 giant cockroaches
  9 goblins
  8 hobgoblins
  4 jackals (D:1)
  3 quokkas
  6 frilled lizards
  6 kobolds
  6 rats
160 creatures vanquished.

Vanquished Creatures (collateral kills)
  A sky beast (D:6)
  An adder (D:4)
  A quokka (D:4)
  A ball python (D:3)
  A kobold (D:3)
  4 foxfires (D:1)
9 creatures vanquished.

Vanquished Creatures (others)
  423 foxfires
423 creatures vanquished.

Grand Total: 592 creatures vanquished

Notes
Turn   | Place    | Note
-------+----------+-------------------------------------------
     0 | D:1      | 101zpm the Djinni Fire Elementalist began the quest for the
                  | Orb.
     0 | D:1      | 101zpm set off with the following spells memorised:
                  | Foxfire, Scorch, Conjure Flame, Inner Flame, Flame Wave.
     0 | D:1      | Reached XP level 1. HP: 15/15 MP: 0/0
   394 | D:1      | Reached XP level 2. HP: 17/21 MP: 0/0
   510 | D:1      | Reached skill level 3 in Spellcasting
   564 | D:1      | Reached XP level 3. HP: 5/25 MP: 0/0
   564 | D:1      | Learned a level 1 spell: Shock
  1069 | D:1      | Found a faded altar of an unknown god.
  2045 | D:2      | Found Ytoin's Magic Scroll Shoppe.
  2205 | D:3      | Found a runed translucent door.
  2206 | D:3      | Noticed Crazy Yiuf
  2265 | D:3      | Reached XP level 4. HP: 26/31 MP: 0/0
  2338 | D:2      | Found Jerriyzu's Antique Armour Emporium.
  2536 | D:2      | Reached skill level 1 in Polearms
  2611 | D:2      | Noticed Sigmund
  2618 | D:2      | Killed Sigmund
  2619 | D:2      | Reached skill level 4 in Spellcasting
  2619 | D:2      | Reached XP level 5. HP: 31/36 MP: 0/0
  2619 | D:2      | Learned a level 2 spell: Call Imp
  2619 | D:2      | Reached XP level 6. HP: 36/41 MP: 0/0
  2919 | D:2      | Found Yhuez's Magic Scroll Shop.
  3089 | D:2      | Bought a scroll of identify for 24 gold pieces
  3089 | D:2      | Bought a scroll of teleportation for 36 gold pieces
  3089 | D:2      | Bought a scroll of poison for 48 gold pieces
  3630 | D:3      | Noticed Terence
  3636 | D:3      | Killed Terence
  3837 | D:3      | Noticed Grinder
  3840 | D:3      | Killed Grinder
  3841 | D:3      | Reached skill level 1 in Fighting
  3841 | D:3      | Reached skill level 5 in Spellcasting
  3841 | D:3      | Reached XP level 7. HP: 36/47 MP: 0/0
  3841 | D:3      | Learned a level 2 spell: Searing Ray
  4064 | D:3      | Found Sumioc's Assorted Antiques.
  4336 | D:3      | Found a snail-covered altar of Cheibriados.
  4965 | D:4      | Noticed Ijyb
  4968 | D:4      | Killed Ijyb
  4977 | D:4      | Reached XP level 8. HP: 18/52 MP: 0/0
  5275 | D:4      | Found a shadowy altar of Dithmenos.
  5283 | D:4      | Noticed Natasha
  5288 | D:4      | Killed Natasha
  5457 | D:4      | Reached skill level 6 in Spellcasting
  5486 | D:4      | Noticed Natasha
  5489 | D:4      | Noticed Eustachio
  5490 | D:4      | Killed Natasha
  5493 | D:4      | Killed Eustachio
  5740 | D:4      | Found Ejydgh's Distillery.
  5790 | D:4      | Noticed Natasha
  5794 | D:4      | Killed Natasha
  6521 | D:4      | Bought a potion of heal wounds for 55 gold pieces
  6521 | D:4      | Bought a potion of curing for 33 gold pieces
  6536 | D:5      | Entered Level 5 of the Dungeon
  6702 | D:5      | Reached skill level 7 in Spellcasting
  7115 | D:5      | Found a sparkling altar of Nemelex Xobeh.
  7149 | D:5      | Reached XP level 9. HP: 50/57 MP: 0/0
  7149 | D:5      | Learned a level 3 spell: Stone Arrow
  7553 | D:6      | Reached skill level 8 in Spellcasting
  7756 | D:6      | Found a blossoming altar of Fedhas.
  7773 | D:6      | Found a broken altar of Ashenzari.
  7939 | D:6      | Noticed a boulder beetle
  8307 | D:6      | Found Riurghau's Antique Armour Shoppe.
  8410 | D:6      | Killed a boulder beetle
  8634 | D:6      | Reached skill level 9 in Spellcasting
  8879 | D:6      | Found a staircase to the Ecumenical Temple.
  9048 | Temple   | Entered the Ecumenical Temple
  9064 | Temple   | Became a worshipper of Makhleb the Destroyer
  9133 | D:7      | Identified the +9 sling of the Soothsayer {venom, rPois
                  | rCorr Int+4}
  9512 | D:7      | Found a white marble altar of Elyvilon.
  9551 | D:7      | Reached XP level 10. HP: 50/62 MP: 0/0
  9621 | D:7      | Found an opulent altar of Gozag.
  9929 | D:7      | Found Enki's Dragon-Slaying Spoils.
 10069 | D:2      | Bought a fabulously ornate robe for 159 gold pieces
 10069 | D:2      | Identified the +1 robe of Yssafatoucs {Str+3} (You bought
                  | it in a shop on level 2 of the Dungeon)
 10102 | D:2      | Bought a scroll of identify for 24 gold pieces
 10255 | D:8      | Reached skill level 10 in Spellcasting
 10281 | D:8      | Noticed Maggie
 10286 | D:8      | Shot with a bolt by an orc warrior

Illustrated notes

Levels and vault maps discovered:
D:1:      dpeg_arrival_rooms_c, layout_basic,
          shapermc_ecumenical_altar_mp_ritualfount
D:2:      layout_basic, serial_shops, shop, nicolae_shop_advertising_works
          [nicolae_subvault_shop_adworks], shop, uniq_sigmund
D:3:      layout_loops_cross, slow_altar_2, serial_shops, nicolae_square_shop,
          uniq_grinder, uniq_terence, uniq_crazy_yiuf_cottage
D:4:      layout_rooms, nicolae_overflow_crystal_walls, gup_sewer_entry_spiral,
          serial_shops, nicolae_diamond_shop, glass_columns_a, uniq_ijyb,
          uniq_eustachio, uniq_natasha
D:5:      layout_rooms, mainiacjoe_overflow_alcove_2
D:6:      layout_basic, general_overflow_altar, lemuel_crystal_altar,
          minmay_temple_entry_hall, serial_shops, kennysheep_mini_moat,
          kennysheep_generic_room_12
D:7:      layout_loops_ring, mainiacjoe_overflow_catwalk, lemuel_crystal_altar,
          old_standard_altar, nicolae_shop_dragon_depot
D:8:      layout_rooms, marbit_many_paths, serial_curves, eino_curves_04,
          eino_curves_04, serial_shops, shop, uniq_psyche, uniq_gastronok,
          uniq_maggie
Temple:   nicolae_temple_stand_before_the_council

Skill      XL: |  1  2  3  4  5  6  7  8  9 10 |
---------------+-------------------------------+-----
Spellcasting   | 3 4 5 7 9 10 | 10.1
Stealth        | 2 3 |  3.6
Polearms       | 1 2 |  2.2
Fighting       | 1 |  1.0
Dodging        | 3 |  3.0

Action                   |  1- 3 |  4- 6 |  7- 9 | 10-12 || total
-------------------------+-------+-------+-------+-------++-------
Melee: Spear             |    16 |     5 |       |       ||    21
 Cast: Foxfire           |    83 |    32 |   133 |    20 ||   268
       Scorch            |       |    16 |    34 |     7 ||    57
       Inner Flame       |       |     5 |    79 |    13 ||    97
       Call Imp          |       |     5 |    23 |     3 ||    31
       Shock             |       |     2 |     1 |       ||     3
       Stone Arrow       |       |       |     1 |     1 ||     2
  Use: Scroll            |       |     2 |     3 |     2 ||     7
 Stab: Sleeping          |     1 |       |       |       ||     1
Armor: Robe              |     6 |     3 |     6 |       ||    15
Dodge: Dodged            |    10 |     5 |     6 |     2 ||    23
